cohdb
Replays
Latest Replays
All Replays
Popular Replays
Top Player Replays
Match Explorer
How It Works
Community
CoH3 Stats
Reddit
Sign in to upload your games and track your stats! →
Sign in with Steam
Match 42490524
Unlisted
Match 42490524
Overview
Messages
Build Orders
End
Construct Barracks
Selects Airborne Battlegroup
Selects Heavy Machine Gun Paradrop
Heavy Machine Gun Paradrop
1⁄4-ton 4x4 Truck
Riflemen Squad
M1 Mortar Team
Selects Paratrooper Squad Paradrop
Paratrooper Squad Paradrop
Construct Medical Station
Grenade Package
Paratrooper Squad Paradrop
Selects Anti-tank Gun Team Paradrop
Construct Weapon Support Center
Mechanized Support Center
Anti-tank Gun Team Paradrop
Selects Recon Loiter
Designate Forward Repair Station
Anti-tank Gun Team Paradrop
honolulu pizza
Raiser
2087556
Team saupiquet
LeMounky
GomFlo
0
0
Comments
sign in to comment!
No comments posted yet!